 Dungeon Crawl Stone Soup version 0.24-a0-736-g4e6fe308c7 (webtiles) character file.

Game seed: 9838258244164222437, levelgen mode: deterministic

163 PepperEater the Digger (level 5, -8/28 HPs)
             Began as a Gargoyle Earth Elementalist on Oct 2, 2019.
             Was a Follower of Vehumet.
             Mangled by an orc warrior
             ... wielding a +0 trident
              (11 damage)
             ... on level 3 of the Dungeon.
             The game lasted 00:07:22 (2222 turns).

PepperEater the Digger (GrEE)                       Turns: 2222, Time: 00:07:23

Health: -8/28      AC:  8    Str: 12    XL:     5   Next: 44%
Magic:  0/10       EV: 12    Int: 16    God:    Vehumet [*.....]
Gold:   130        SH:  0    Dex: 10    Spells: 1/10 levels left

rFire    . . .     SeeInvis .   j - +2 whip (venom)
rCold    . . .     Gourm    .   (no shield)
rNeg     + . .     Faith    .   c - +0 robe
rPois    ∞         Spirit   .   (no helmet)
rElec    +         Reflect  .   (no cloak)
rCorr    .         Harm     .   (no gloves)
MR       .....     Rnd*Tele +   (no boots)
Stlth    ++........             (no amulet)
HPRegen  0.09/turn              l - +2 ring of protection
MPRegen  0.12/turn              g - ring of teleportation (curse)

@: no status effects
A: negative energy resistance 1, electricity resistance, unbreathing,
petrification resistance, rot immunity, AC +4
a: Renounce Religion


You were on level 3 of the Dungeon.
You worshipped Vehumet.
Vehumet was aware of your devotion.
You were not hungry.

You visited 1 branch of the dungeon, and saw 3 of its levels.

You collected 130 gold pieces.

Inventory:

Hand Weapons
 j - a +2 whip of venom (weapon)
 m - a +2 spear of piercing
Missiles
 b - 110 stones (quivered)
Armour
 c - a +0 robe (worn)
Jewellery
 a - an uncursed ring of flight
 g - a cursed ring of teleportation (right hand)
 l - a +2 ring of protection (left hand)
 o - a +5 ring of dexterity
Potions
 e - a potion of berserk rage
 p - 2 potions of resistance {unknown}
Comestibles
 d - 9 rations
 f - a chunk of flesh


   Skills:
 - Level 1.5 Dodging
 - Level 2.1 Stealth
 + Level 3.4 Spellcasting
 + Level 2.2 Conjurations
   Level 0.7 Transmutations
 + Level 5.3 Earth Magic


You had one spell level left.
You knew the following spells:

 Your Spells              Type           Power        Failure   Level  Hunger
a - Sandblast             Erth           ###...       1%          1    None
b - Stone Arrow           Conj/Erth      ##....       11%         3    ###....
c - Lee's Rapid Deconstr  Erth           ###.......   50%         5    ######.

Your spell library contained the following spells:

 Spells                   Type           Power        Failure   Level  Hunger
 Magic Dart               Conj           ##..         7%          1    None
 Passwall                 Tmut/Erth      ##......     8%          2    ##.....
 Petrify                  Tmut/Erth      ##......     45%         4    ####...


Dungeon Overview and Level Annotations

Branches:
Dungeon (3/15)

Altars:
Cheibriados
Hepliaklqana
Kikubaaqudgha
Vehumet


Innate Abilities, Weirdness & Mutations

You are resistant to torment.
Your stone body is resilient. (AC +4)
You are immune to poison.
You resist negative energy. (rN+)
You are resistant to electric shocks. (rElec)
You can survive without breathing.
You are immune to petrification.
You are immune to rotting.


Message History

Confirm with . or Enter, or press ? or * to list all spells.
Aiming: Sandblast (safe; 1% risk of failure)
Press: ? - help, Shift-Dir - straight line, f/p - orc warrior
Aim: an orc warrior, wielding a +0 trident and wearing a +0 chain mail (heavily wounded)
The blast of sand hits the orc warrior.
The orc warrior is heavily wounded.
b - 110 stones
Casting: Sandblast (safe; 1% risk of failure)
Confirm with . or Enter, or press ? or * to list all spells.
You don't have enough magic to cast that spell.
No previous command to re-do.
No previous command to re-do.
No previous command to re-do.
No previous command to re-do.
No previous command to re-do.
No previous command to re-do.
Unknown command.
There is a stone staircase leading up here.
The orc warrior hits you from afar with a +0 trident!
You die...

###.............#
#......##.#.....
#......# .# .##
#...%.## .#
#.........#
#...####### #...
### #... ##.## .#
#. #...
##[@.##.##.#
####...##..†..#.#.#
.....?.(.o)......#
......)(.)......##
.............$...##
####...#...$..#.#.#
#...#.#.......#.
#...#.##.#.#.###.#
#...#.##.........#


You could see an orc warrior.

Vanquished Creatures
  A jelly (D:2)
  An orc priest (D:3)
  2 adders (D:2)
  8 oozes (D:2)
  A leopard gecko (D:1)
  3 orcs (D:3)
  4 giant cockroaches
  4 goblins
  6 hobgoblins
  13 kobolds
  3 bats
  5 frilled lizards
  A rat (D:1)
52 creatures vanquished.

Vanquished Creatures (others)
  9 toadstools (D:2)
9 creatures vanquished.

Grand Total: 61 creatures vanquished

Notes
Turn   | Place    | Note
-------+----------+-------------------------------------------
     0 | D:1      | PepperEater the Gargoyle Earth Elementalist began the quest
                  | for the Orb.
     0 | D:1      | Reached XP level 1. HP: 10/10 MP: 3/3
   411 | D:1      | Reached XP level 2. HP: 10/15 MP: 5/5
   510 | D:1      | Reached skill level 4 in Earth Magic
  1216 | D:2      | Found a radiant altar of Vehumet.
  1217 | D:2      | Found a hazy altar of Hepliaklqana.
  1223 | D:2      | Became a worshipper of Vehumet
  1257 | D:2      | Reached XP level 3. HP: 15/19 MP: 7/7
  1262 | D:2      | Learned a level 3 spell: Stone Arrow
  1866 | D:2      | Reached skill level 1 in Conjurations
  1866 | D:2      | Reached XP level 4. HP: 24/24 MP: 4/8
  1921 | D:2      | Reached skill level 5 in Earth Magic
  1944 | D:2      | Reached * piety under Vehumet
  1944 | D:2      | Offered knowledge of Magic Dart by Vehumet.
  1947 | D:2      | Reached XP level 5. HP: 24/28 MP: 9/9
  1953 | D:2      | Learned a level 4 spell: Petrify
  2014 | D:2      | Found a snail-covered altar of Cheibriados.
  2103 | D:3      | Learned a level 5 spell: Lee's Rapid Deconstruction
  2111 | D:3      | Found an ancient bone altar of Kikubaaqudgha.
  2122 | D:3      | Noticed an orc warrior
  2222 | D:3      | Mangled by an orc warrior

Levels and vault maps discovered:
D:1:      dpeg_arrival_arbitrary_b, layout_loops_ring
D:2:      cheibrodos_fertilizer, layout_basic, gammafunk_temple_overflow_statue,
          nicolae_overflow_hidden_temple, first_ration
D:3:      layout_loops_cross, tgw_kikubaaqudgha

Skill      XL: |  1  2  3  4  5 |
---------------+----------------+-----
Earth Magic    | 4 5 |  5.3
Spellcasting   | 3 |  3.4
Conjurations   | 1 2 |  2.2
Dodging        | |  1.5
Stealth        | |  2.1
Transmutations | |  0.7

Action                   |  1- 3 |  4- 6 || total
-------------------------+-------+-------++-------
Melee: Dagger            |    42 |       ||    42
       Unarmed           |     1 |       ||     1
       Whip              |    60 |    51 ||   111
 Cast: Sandblast         |     9 |    12 ||    21
       Stone Arrow       |     2 |     1 ||     3
Evoke: Wand              |       |     3 ||     3
  Use: Scroll            |     2 |     2 ||     4
       Potion            |       |     1 ||     1
  Eat: Chunk             |     3 |     2 ||     5
Armor: Robe              |    26 |    19 ||    45
Dodge: Dodged            |    69 |    54 ||   123

Table legend:
 A = Non-vault XP
 B = Vault XP
 C = Vault XP percentage of total XP
 D = Non-vault monster count
 E = Vault monster count
 F = Vault count percentage of total count
                 A         B        C        D         E       F
            +---------+---------+-------+---------+---------+-------
      Total |     126 |     107 |  45.9 |      36 |      16 |  30.8
            +---------+---------+-------+---------+---------+-------
        D:1 |      24 |       0 |   0.0 |      15 |       0 |   0.0
        D:2 |      45 |     107 |  70.4 |      12 |      16 |  57.1
        D:3 |      57 |       0 |   0.0 |       9 |       0 |   0.0
            +---------+---------+-------+---------+---------+-------
